[ AOE2 MATCH · #470700247 ]
Team RMMaya vs Bulgarians
[ REPLAY ANALYSIS · EXTRACTED FROM THE RECORDED GAME ]
Feudal
10:50
Castle
25:12
Imperial
45:24
| APM avg | 25.7 |
| APM peak | 55 |
| eAPM avg | 14.0 |
| Villagers / military | 81 / 104 |
Focus
⚔️ 33.7% · 🌾 66.3%
Archer ×94 · Militia ×4 · Mangonel ×4 · Monk ×2
Feudal
11:03
Castle
38:01
Imperial
—
| APM avg | 26.1 |
| APM peak | 72 |
| eAPM avg | 12.4 |
| Villagers / military | 51 / 42 |
Focus
⚔️ 31.7% · 🌾 68.3%
Scout Cavalry ×23 · Skirmisher ×10 · Militia ×4 · Trade Cart ×4 · Archer ×4 · Knight ×1
Feudal
11:47
Castle
24:15
Imperial
—
| APM avg | 38.7 |
| APM peak | 99 |
| eAPM avg | 18.6 |
| Villagers / military | 78 / 57 |
Focus
⚔️ 28.6% · 🌾 71.4%
Skirmisher ×33 · Spearman ×11 · Camel Scout ×10 · Scout Cavalry ×3
Feudal
12:44
Castle
17:54
Imperial
47:14
| APM avg | 20.4 |
| APM peak | 55 |
| eAPM avg | 9.5 |
| Villagers / military | 74 / 100 |
Focus
⚔️ 34.4% · 🌾 65.6%
Knight ×79 · Obuch ×18 · Scout Cavalry ×3
Match map
Initial resources + every placement click. Lines = walls · curves = elevation contours. ◆ gold · ⬟ stone · ● berries · ✦ relic · ◌ wall gap
Your base· Open — unwalled flank
Kalisteiro's base· Open — unwalled flank
SometimesUnlucky's base· Open — 3t gap
Fox-one-jo's base· Open — unwalled flank
Smoothed initial terrain · ◌ = detected wall gap · hover for details
Inputs per minute
— Iverson_3 [Pl] - - Kalisteiro
Build order — Iverson_3 [Pl]
First 150 of 296 actions detected
| 0:04 | Research | Loom |
| 0:08 | Build | House |
| 0:10 | Build | House |
| 0:13 | Create | Villager (Male) |
| 0:14 | Create | Villager (Male) |
| 0:14 | Create | Villager (Male) |
| 0:14 | Create | Villager (Male) |
| 1:36 | Create | Villager (Male) |
| 1:36 | Create | Villager (Male) |
| 1:56 | Create | Villager (Male) |
| 1:56 | Create | Villager (Male) |
| 2:04 | Build | Lumber Camp |
| 2:31 | Create | Villager (Male) |
| 2:31 | Create | Villager (Male) |
| 3:00 | Create | Villager (Male) |
| 3:00 | Create | Villager (Male) |
| 3:26 | Create | Villager (Male) |
| 3:30 | Build | House |
| 3:48 | Create | Villager (Male) |
| 3:49 | Create | Villager (Male) |
| 4:16 | Create | Villager (Male) |
| 4:35 | Build | Mill |
| 4:48 | Create | Villager (Male) |
| 4:49 | Create | Villager (Male) |
| 5:17 | Create | Villager (Male) |
| 5:17 | Create | Villager (Male) |
| 5:17 | Create | Villager (Male) |
| 5:50 | Create | Villager (Male) |
| 5:51 | Create | Villager (Male) |
| 5:51 | Create | Villager (Male) |
| 6:55 | Create | Villager (Male) |
| 6:55 | Create | Villager (Male) |
| 7:06 | Build | House |
| 8:05 | Create | Villager (Male) |
| 8:36 | Build | Mining Camp |
| 8:40 | Research | Feudal Age |
| 9:08 | Build | Barracks |
| 10:13 | Create | Militia |
| 10:13 | Create | Militia |
| 10:14 | Create | Militia |
| 10:14 | Create | Militia |
| 10:16 | Build | House |
| 10:48 | Build | House |
| 10:50 | Age | Feudal Age |
| 10:54 | Research | Double-Bit Axe |
| 10:57 | Research | Man-at-Arms (upgrade) |
| 11:19 | Create | Villager (Male) |
| 11:19 | Create | Villager (Male) |
| 11:39 | Build | Archery Range |
| 11:52 | Create | Villager (Male) |
| 11:52 | Create | Villager (Male) |
| 11:52 | Create | Villager (Male) |
| 12:10 | Build | Archery Range |
| 12:32 | Build | Farm |
| 12:33 | Build | Farm |
| 12:48 | Build | Lumber Camp |
| 13:07 | Create | Archer |
| 13:08 | Create | Archer |
| 13:08 | Create | Archer |
| 13:08 | Create | Archer |
| 13:08 | Create | Archer |
| 13:11 | Create | Villager (Male) |
| 13:11 | Create | Villager (Male) |
| 13:12 | Create | Villager (Male) |
| 13:12 | Create | Villager (Male) |
| 13:12 | Create | Villager (Male) |
| 13:31 | Create | Archer |
| 13:31 | Create | Archer |
| 13:47 | Create | Archer |
| 13:47 | Create | Archer |
| 14:02 | Build | House |
| 14:08 | Create | Archer |
| 14:35 | Build | Blacksmith |
| 14:41 | Create | Villager (Male) |
| 14:41 | Create | Villager (Male) |
| 14:48 | Build | Farm |
| 14:49 | Build | Farm |
| 15:57 | Create | Archer |
| 15:57 | Create | Archer |
| 16:17 | Build | House |
| 17:12 | Create | Archer |
| 17:13 | Create | Archer |
| 17:13 | Create | Archer |
| 17:13 | Create | Archer |
| 17:40 | Build | House |
| 18:09 | Create | Archer |
| 18:09 | Create | Archer |
| 18:10 | Create | Archer |
| 18:10 | Create | Archer |
| 18:20 | Build | House |
| 18:30 | Build | Farm |
| 18:31 | Build | Farm |
| 18:46 | Create | Archer |
| 18:49 | Create | Villager (Male) |
| 18:50 | Create | Villager (Male) |
| 18:50 | Create | Villager (Male) |
| 18:50 | Create | Villager (Male) |
| 18:56 | Build | House |
| 19:13 | Build | Market |
| 19:25 | Create | Archer |
| 19:25 | Create | Archer |
| 19:25 | Create | Archer |
| 19:29 | Build | House |
| 19:42 | Research | Fletching |
| 19:58 | Build | Farm |
| 19:59 | Build | Farm |
| 20:20 | Build | House |
| 20:28 | Research | Wheelbarrow |
| 20:37 | Research | Padded Archer Armor |
| 20:44 | Build | House |
| 21:00 | Build | House |
| 21:19 | Research | Gold Mining |
| 22:18 | Build | Farm |
| 22:32 | Research | Castle Age |
| 22:50 | Create | Archer |
| 22:50 | Create | Archer |
| 22:50 | Create | Archer |
| 22:51 | Create | Archer |
| 23:02 | Build | House |
| 23:15 | Build | Mining Camp |
| 23:26 | Build | Lumber Camp |
| 23:35 | Create | Archer |
| 23:35 | Create | Archer |
| 23:36 | Create | Archer |
| 23:36 | Create | Archer |
| 23:43 | Research | Horse Collar |
| 23:51 | Create | Archer |
| 23:52 | Create | Archer |
| 25:12 | Age | Castle Age |
| 25:14 | Research | Bow Saw |
| 25:15 | Create | Villager (Male) |
| 25:15 | Create | Villager (Male) |
| 25:22 | Research | Crossbowman (upgrade) |
| 25:28 | Build | Siege Workshop |
| 25:46 | Research | Bodkin Arrow |
| 26:14 | Build | House |
| 26:16 | Create | Mangonel |
| 26:30 | Create | Villager (Male) |
| 26:31 | Create | Villager (Male) |
| 26:31 | Create | Villager (Male) |
| 26:38 | Build | House |
| 26:46 | Build | House |
| 26:56 | Create | Mangonel |
| 27:01 | Create | Villager (Male) |
| 27:02 | Create | Villager (Male) |
| 27:02 | Create | Villager (Male) |
| 27:24 | Build | Monastery |
| 27:29 | Build | University |
| 27:37 | Build | Lumber Camp |
| 29:07 | Build | House |
Build order — Kalisteiro
First 150 of 175 actions detected
| 0:08 | Build | House |
| 0:09 | Build | House |
| 0:10 | Create | Villager (Male) |
| 0:10 | Create | Villager (Male) |
| 0:11 | Create | Villager (Male) |
| 0:11 | Create | Villager (Male) |
| 1:55 | Create | Villager (Male) |
| 2:21 | Create | Villager (Male) |
| 2:27 | Research | Loom |
| 3:50 | Create | Villager (Male) |
| 4:06 | Build | Mill |
| 4:33 | Create | Villager (Male) |
| 5:57 | Create | Villager (Male) |
| 7:00 | Build | Lumber Camp |
| 7:03 | Create | Villager (Male) |
| 7:07 | Create | Villager (Male) |
| 8:47 | Create | Villager (Male) |
| 8:49 | Research | Feudal Age |
| 8:55 | Create | Villager (Male) |
| 9:23 | Build | Mining Camp |
| 9:37 | Build | Mining Camp |
| 9:46 | Build | Mining Camp |
| 10:15 | Build | House |
| 10:17 | Build | House |
| 10:27 | Build | House |
| 10:36 | Create | Villager (Male) |
| 10:37 | Create | Villager (Male) |
| 11:03 | Age | Feudal Age |
| 11:29 | Research | Wheelbarrow |
| 11:54 | Build | Lumber Camp |
| 12:22 | Build | Market |
| 12:40 | Create | Villager (Male) |
| 12:48 | Research | Double-Bit Axe |
| 13:02 | Create | Villager (Male) |
| 13:03 | Create | Villager (Male) |
| 13:54 | Build | Barracks |
| 13:57 | Create | Villager (Male) |
| 14:31 | Create | Villager (Male) |
| 14:48 | Create | Villager (Male) |
| 15:04 | Build | Blacksmith |
| 15:18 | Build | Palisade Wall |
| 15:42 | Build | Palisade Wall |
| 16:02 | Create | Militia |
| 16:03 | Create | Militia |
| 16:39 | Research | Forging |
| 16:47 | Create | Villager (Male) |
| 16:55 | Build | Mining Camp |
| 16:58 | Create | Villager (Male) |
| 17:17 | Create | Militia |
| 17:18 | Create | Militia |
| 17:30 | Build | Farm |
| 17:32 | Build | Farm |
| 17:33 | Build | Farm |
| 17:36 | Build | Farm |
| 17:37 | Build | Farm |
| 17:39 | Build | Farm |
| 18:04 | Build | House |
| 18:07 | Build | House |
| 19:08 | Create | Villager (Male) |
| 19:38 | Build | Palisade Wall |
| 20:24 | Build | Barracks |
| 21:02 | Create | Villager (Male) |
| 21:02 | Create | Villager (Male) |
| 21:03 | Create | Villager (Male) |
| 21:03 | Create | Villager (Male) |
| 21:24 | Build | Farm |
| 21:27 | Create | Villager (Male) |
| 21:54 | Build | Lumber Camp |
| 21:58 | Create | Villager (Male) |
| 23:04 | Create | Villager (Male) |
| 23:05 | Create | Villager (Male) |
| 23:05 | Create | Villager (Male) |
| 23:12 | Build | Farm |
| 23:14 | Build | Farm |
| 23:16 | Build | Farm |
| 23:17 | Build | Farm |
| 23:19 | Build | Farm |
| 23:20 | Build | Farm |
| 24:01 | Build | Palisade Wall |
| 24:09 | Create | Villager (Male) |
| 24:10 | Create | Villager (Male) |
| 24:10 | Create | Villager (Male) |
| 24:10 | Create | Villager (Male) |
| 25:11 | Build | Outpost |
| 25:32 | Build | Stable |
| 25:34 | Build | Stable |
| 25:35 | Build | Stable |
| 25:36 | Build | Stable |
| 25:43 | Build | House |
| 25:53 | Build | Farm |
| 25:55 | Create | Villager (Male) |
| 25:55 | Create | Villager (Male) |
| 25:55 | Create | Villager (Male) |
| 26:02 | Research | Horse Collar |
| 26:07 | Build | Farm |
| 26:08 | Create | Villager (Male) |
| 26:08 | Create | Villager (Male) |
| 26:08 | Create | Villager (Male) |
| 26:09 | Create | Villager (Male) |
| 26:09 | Create | Villager (Male) |
| 26:26 | Build | Outpost |
| 26:55 | Build | Mining Camp |
| 27:00 | Create | Trade Cart |
| 27:00 | Create | Trade Cart |
| 27:01 | Create | Trade Cart |
| 27:01 | Create | Trade Cart |
| 27:31 | Build | Farm |
| 27:44 | Build | Watch Tower |
| 28:00 | Research | Bloodlines |
| 28:12 | Build | House |
| 28:14 | Build | House |
| 28:15 | Build | House |
| 28:17 | Build | House |
| 28:20 | Build | House |
| 28:46 | Create | Scout Cavalry |
| 28:46 | Create | Scout Cavalry |
| 28:46 | Create | Scout Cavalry |
| 28:47 | Create | Scout Cavalry |
| 28:47 | Create | Scout Cavalry |
| 28:47 | Create | Scout Cavalry |
| 28:48 | Create | Scout Cavalry |
| 28:48 | Create | Scout Cavalry |
| 28:48 | Create | Scout Cavalry |
| 29:06 | Create | Scout Cavalry |
| 29:07 | Create | Scout Cavalry |
| 29:07 | Create | Scout Cavalry |
| 29:25 | Build | Mill |
| 30:26 | Build | House |
| 30:29 | Create | Scout Cavalry |
| 30:29 | Create | Scout Cavalry |
| 30:30 | Create | Scout Cavalry |
| 30:30 | Create | Scout Cavalry |
| 30:30 | Create | Scout Cavalry |
| 30:30 | Create | Scout Cavalry |
| 30:52 | Build | Archery Range |
| 32:12 | Create | Scout Cavalry |
| 32:12 | Create | Scout Cavalry |
| 32:13 | Create | Scout Cavalry |
| 32:13 | Create | Scout Cavalry |
| 32:13 | Create | Scout Cavalry |
| 32:43 | Create | Skirmisher |
| 32:43 | Create | Skirmisher |
| 32:43 | Create | Skirmisher |
| 32:44 | Create | Skirmisher |
| 33:28 | Research | Scale Barding Armor |
| 33:32 | Build | Farm |
| 33:32 | Build | Farm |
| 33:35 | Build | Farm |
| 33:38 | Build | Farm |
| 33:41 | Create | Villager (Male) |
Build order — SometimesUnlucky
First 150 of 230 actions detected
| 0:03 | Build | House |
| 0:04 | Build | House |
| 0:05 | Create | Villager (Male) |
| 0:05 | Create | Villager (Male) |
| 0:22 | Create | Villager (Male) |
| 0:23 | Create | Villager (Male) |
| 2:07 | Build | Lumber Camp |
| 2:16 | Create | Villager (Male) |
| 2:16 | Create | Villager (Male) |
| 2:21 | Create | Villager (Male) |
| 2:50 | Create | Villager (Male) |
| 2:50 | Create | Villager (Male) |
| 3:35 | Create | Villager (Male) |
| 3:35 | Create | Villager (Male) |
| 3:58 | Create | Villager (Male) |
| 3:59 | Create | Villager (Male) |
| 4:33 | Create | Villager (Male) |
| 4:42 | Build | House |
| 4:45 | Build | House |
| 4:59 | Build | House |
| 5:23 | Create | Villager (Male) |
| 5:23 | Create | Villager (Male) |
| 5:23 | Create | Villager (Male) |
| 5:56 | Build | House |
| 6:06 | Create | Villager (Male) |
| 6:19 | Build | Outpost |
| 6:34 | Create | Villager (Male) |
| 6:51 | Create | Villager (Male) |
| 7:16 | Build | Mill |
| 7:30 | Create | Villager (Male) |
| 8:00 | Create | Villager (Male) |
| 8:18 | Build | Mill |
| 8:35 | Create | Villager (Male) |
| 8:57 | Create | Villager (Male) |
| 8:57 | Create | Villager (Male) |
| 9:37 | Research | Feudal Age |
| 9:59 | Build | Mining Camp |
| 10:21 | Build | Farm |
| 10:30 | Create | Villager (Male) |
| 10:32 | Create | Villager (Male) |
| 10:39 | Build | Barracks |
| 11:14 | Build | House |
| 11:47 | Age | Feudal Age |
| 11:54 | Create | Villager (Male) |
| 11:58 | Research | Double-Bit Axe |
| 11:58 | Research | Double-Bit Axe |
| 12:03 | Build | Farm |
| 12:14 | Build | Farm |
| 12:37 | Build | Farm |
| 12:40 | Create | Villager (Male) |
| 12:59 | Build | Farm |
| 13:03 | Build | Farm |
| 13:49 | Build | Archery Range |
| 14:07 | Create | Villager (Male) |
| 14:08 | Create | Villager (Male) |
| 14:12 | Create | Spearman |
| 14:19 | Create | Villager (Male) |
| 14:23 | Create | Villager (Male) |
| 14:27 | Build | Lumber Camp |
| 14:34 | Create | Spearman |
| 15:03 | Build | Archery Range |
| 15:15 | Create | Skirmisher |
| 15:16 | Create | Skirmisher |
| 15:20 | Create | Spearman |
| 15:20 | Create | Spearman |
| 15:45 | Research | Loom |
| 15:53 | Build | Lumber Camp |
| 16:00 | Create | Skirmisher |
| 16:25 | Create | Spearman |
| 17:11 | Create | Skirmisher |
| 17:11 | Create | Skirmisher |
| 17:24 | Create | Villager (Male) |
| 17:51 | Create | Villager (Male) |
| 17:51 | Create | Villager (Male) |
| 17:52 | Create | Skirmisher |
| 17:52 | Create | Skirmisher |
| 18:00 | Build | Mining Camp |
| 18:06 | Create | Spearman |
| 18:20 | Create | Villager (Male) |
| 18:22 | Build | House |
| 18:24 | Build | House |
| 18:25 | Build | House |
| 19:04 | Build | Farm |
| 19:08 | Build | Farm |
| 19:14 | Build | Farm |
| 19:20 | Build | House |
| 19:21 | Build | House |
| 19:23 | Build | House |
| 19:24 | Build | House |
| 19:31 | Build | Palisade Wall |
| 19:37 | Build | Palisade Wall |
| 19:47 | Build | Palisade Wall |
| 20:07 | Build | Palisade Wall |
| 20:10 | Create | Villager (Male) |
| 20:11 | Create | Villager (Male) |
| 20:35 | Build | Farm |
| 20:35 | Build | Farm |
| 20:36 | Build | Farm |
| 20:55 | Build | Stable |
| 21:29 | Build | Palisade Wall |
| 21:33 | Build | Palisade Gate |
| 21:35 | Research | Castle Age |
| 21:36 | Research | Castle Age |
| 21:38 | Create | Villager (Male) |
| 21:42 | Build | House |
| 21:43 | Build | House |
| 21:43 | Build | House |
| 21:50 | Create | Skirmisher |
| 21:50 | Create | Skirmisher |
| 22:12 | Build | Watch Tower |
| 22:25 | Build | Farm |
| 22:32 | Build | Blacksmith |
| 22:44 | Research | Horse Collar |
| 23:04 | Build | House |
| 23:07 | Build | Palisade Wall |
| 24:15 | Age | Castle Age |
| 24:34 | Build | Market |
| 24:41 | Create | Skirmisher |
| 24:45 | Create | Skirmisher |
| 24:45 | Create | Skirmisher |
| 25:05 | Research | Wheelbarrow |
| 25:05 | Research | Wheelbarrow |
| 25:10 | Research | Fletching |
| 25:20 | Build | Town Center |
| 25:29 | Create | Villager (Male) |
| 25:29 | Create | Villager (Male) |
| 26:19 | Create | Villager (Male) |
| 26:19 | Create | Villager (Male) |
| 26:43 | Build | Town Center |
| 27:03 | Create | Skirmisher |
| 27:03 | Create | Skirmisher |
| 27:34 | Build | Watch Tower |
| 27:37 | Create | Villager (Male) |
| 27:37 | Create | Villager (Male) |
| 28:48 | Create | Spearman |
| 29:05 | Create | Villager (Male) |
| 29:06 | Create | Villager (Male) |
| 29:09 | Create | Villager (Male) |
| 29:10 | Create | Villager (Male) |
| 29:10 | Create | Villager (Male) |
| 29:10 | Create | Villager (Male) |
| 29:10 | Create | Villager (Male) |
| 29:12 | Build | Farm |
| 29:12 | Build | Farm |
| 29:12 | Build | Farm |
| 29:12 | Build | Farm |
| 29:32 | Research | Elite Skirmisher (upgrade) |
| 29:34 | Create | Skirmisher |
| 29:34 | Create | Skirmisher |
| 29:34 | Create | Skirmisher |
Build order — Fox-one-jo
First 150 of 297 actions detected
| 0:03 | Build | House |
| 0:05 | Build | House |
| 0:11 | Create | Villager (Male) |
| 0:11 | Create | Villager (Male) |
| 0:12 | Create | Villager (Male) |
| 0:12 | Create | Villager (Male) |
| 0:12 | Create | Villager (Male) |
| 1:39 | Create | Villager (Male) |
| 1:55 | Build | Lumber Camp |
| 2:00 | Create | Villager (Male) |
| 2:25 | Create | Villager (Male) |
| 2:56 | Create | Villager (Male) |
| 3:22 | Build | House |
| 3:29 | Build | Palisade Wall |
| 3:44 | Create | Villager (Male) |
| 3:44 | Create | Villager (Male) |
| 4:14 | Build | Mill |
| 4:42 | Research | Loom |
| 5:29 | Create | Villager (Male) |
| 5:49 | Create | Villager (Male) |
| 5:49 | Create | Villager (Male) |
| 6:08 | Create | Villager (Male) |
| 6:09 | Create | Villager (Male) |
| 7:06 | Create | Villager (Male) |
| 7:06 | Create | Villager (Male) |
| 7:08 | Create | Villager (Male) |
| 8:06 | Build | Barracks |
| 8:12 | Create | Villager (Male) |
| 8:12 | Create | Villager (Male) |
| 8:32 | Build | Palisade Wall |
| 9:19 | Create | Villager (Male) |
| 9:53 | Build | Mining Camp |
| 10:34 | Research | Feudal Age |
| 10:34 | Research | Feudal Age |
| 10:34 | Research | Feudal Age |
| 11:35 | Build | Farm |
| 11:37 | Build | Farm |
| 11:39 | Build | Farm |
| 11:41 | Build | Farm |
| 11:45 | Build | Farm |
| 11:51 | Build | Farm |
| 11:53 | Build | Farm |
| 12:22 | Create | Villager (Male) |
| 12:22 | Create | Villager (Male) |
| 12:44 | Age | Feudal Age |
| 12:54 | Build | Stable |
| 13:06 | Build | Blacksmith |
| 13:21 | Build | House |
| 13:23 | Build | House |
| 13:35 | Create | Villager (Male) |
| 14:03 | Build | Palisade Wall |
| 15:15 | Research | Castle Age |
| 15:42 | Build | Mining Camp |
| 16:08 | Build | Palisade Wall |
| 16:19 | Create | Scout Cavalry |
| 16:20 | Create | Scout Cavalry |
| 16:40 | Research | Stone Mining |
| 16:48 | Create | Scout Cavalry |
| 17:15 | Create | Villager (Male) |
| 17:16 | Create | Villager (Male) |
| 17:23 | Build | Mill |
| 17:25 | Build | Farm |
| 17:27 | Build | Farm |
| 17:28 | Build | Farm |
| 17:30 | Build | Farm |
| 17:37 | Research | Horse Collar |
| 17:54 | Age | Castle Age |
| 18:07 | Create | Villager (Male) |
| 18:08 | Create | Villager (Male) |
| 18:29 | Create | Villager (Male) |
| 18:30 | Create | Villager (Male) |
| 19:27 | Create | Villager (Male) |
| 19:27 | Create | Villager (Male) |
| 19:28 | Create | Villager (Male) |
| 20:00 | Build | Town Center |
| 20:05 | Create | Villager (Male) |
| 20:40 | Create | Villager (Male) |
| 20:41 | Create | Villager (Male) |
| 20:59 | Research | Double-Bit Axe |
| 21:39 | Build | Farm |
| 22:26 | Build | Castle |
| 22:44 | Build | Market |
| 22:48 | Create | Villager (Male) |
| 22:48 | Create | Villager (Male) |
| 22:49 | Create | Villager (Male) |
| 22:49 | Create | Villager (Male) |
| 23:07 | Build | Palisade Wall |
| 23:18 | Create | Villager (Male) |
| 23:19 | Create | Villager (Male) |
| 23:22 | Create | Villager (Male) |
| 23:22 | Create | Villager (Male) |
| 23:31 | Build | Farm |
| 24:04 | Build | Town Center |
| 24:10 | Build | Farm |
| 24:49 | Research | Szlachta Privileges |
| 24:57 | Build | Farm |
| 24:58 | Build | Farm |
| 25:04 | Build | Farm |
| 25:29 | Build | Stable |
| 25:35 | Research | Forging |
| 25:52 | Research | Scale Barding Armor |
| 25:55 | Create | Knight |
| 25:56 | Create | Knight |
| 25:59 | Create | Knight |
| 26:00 | Create | Knight |
| 26:05 | Build | Farm |
| 26:11 | Create | Villager (Male) |
| 26:11 | Create | Villager (Male) |
| 26:28 | Create | Villager (Male) |
| 26:28 | Create | Villager (Male) |
| 26:28 | Create | Villager (Male) |
| 26:29 | Create | Villager (Male) |
| 26:29 | Create | Villager (Male) |
| 26:29 | Create | Villager (Male) |
| 26:30 | Create | Villager (Male) |
| 26:30 | Create | Villager (Male) |
| 26:30 | Create | Villager (Male) |
| 26:30 | Create | Villager (Male) |
| 26:31 | Create | Villager (Male) |
| 26:31 | Create | Villager (Male) |
| 26:31 | Create | Villager (Male) |
| 26:39 | Build | Mill |
| 26:51 | Build | Farm |
| 26:54 | Build | Farm |
| 26:56 | Build | Farm |
| 27:00 | Build | Farm |
| 27:09 | Create | Villager (Male) |
| 27:12 | Build | Farm |
| 27:15 | Build | Farm |
| 27:19 | Build | Farm |
| 27:21 | Build | Farm |
| 27:29 | Build | Farm |
| 27:45 | Build | Farm |
| 28:12 | Research | Heavy Plow |
| 28:15 | Create | Knight |
| 28:16 | Create | Knight |
| 28:18 | Research | Husbandry |
| 28:19 | Research | Bloodlines |
| 28:19 | Research | Light Cavalry (upgrade) |
| 28:38 | Create | Villager (Male) |
| 28:38 | Create | Villager (Male) |
| 28:38 | Create | Villager (Male) |
| 28:42 | Research | Town Watch |
| 28:44 | Create | Villager (Male) |
| 28:45 | Create | Villager (Male) |
| 28:53 | Build | House |
| 28:56 | Build | House |
| 28:58 | Build | House |
| 28:59 | Build | House |
| 29:13 | Research | Bow Saw |
Match timeline
| 3:29 | Fox-one-jo · wall_segment Palisade Wall x7 |
| 8:06 | Fox-one-jo · first_building Barracks |
| 8:32 | Fox-one-jo · wall_segment Palisade Wall x23 |
| 9:08 | Iverson_3 [Pl] · first_building Barracks |
| 10:39 | SometimesUnlucky · first_building Barracks |
| 10:50 | Iverson_3 [Pl] · age_up feudal |
| 11:03 | Kalisteiro · age_up feudal |
| 11:39 | Iverson_3 [Pl] · first_building Archery Range |
| 11:47 | SometimesUnlucky · age_up feudal |
| 12:44 | Fox-one-jo · age_up feudal |
| 12:54 | Fox-one-jo · first_building Stable |
| 13:49 | SometimesUnlucky · first_building Archery Range |
| 13:54 | Kalisteiro · first_building Barracks |
| 14:03 | Fox-one-jo · wall_segment Palisade Wall x14 |
| 15:18 | Kalisteiro · wall_segment Palisade Wall x2 |
| 15:42 | Kalisteiro · wall_segment Palisade Wall x4 |
| 16:08 | Fox-one-jo · wall_segment Palisade Wall x20 |
| 17:10 | Kalisteiro · first_market_sell 100 wood |
| 17:54 | Fox-one-jo · age_up castle |
| 19:31 | SometimesUnlucky · wall_segment Palisade Wall x9 |
| 19:37 | SometimesUnlucky · wall_segment Palisade Wall x10 |
| 19:38 | Kalisteiro · wall_segment Palisade Wall x1 |
| 19:47 | SometimesUnlucky · wall_segment Palisade Wall x15 |
| 20:07 | SometimesUnlucky · wall_segment Palisade Wall x10 |
| 20:23 | Iverson_3 [Pl] · first_market_sell 100 wood |
| 20:26 | Iverson_3 [Pl] · first_market_buy 100 food |
| 20:55 | SometimesUnlucky · first_building Stable |
| 21:29 | SometimesUnlucky · wall_segment Palisade Wall x1 |
| 22:26 | Fox-one-jo · first_building Castle |
| 23:07 | SometimesUnlucky · wall_segment Palisade Wall x1 |
| 23:07 | Fox-one-jo · wall_segment Palisade Wall x38 |
| 23:46 | Fox-one-jo · first_market_buy 100 wood |
| 24:01 | Kalisteiro · wall_segment Palisade Wall x4 |
| 24:15 | SometimesUnlucky · age_up castle |
| 25:12 | Iverson_3 [Pl] · age_up castle |
| 25:14 | SometimesUnlucky · first_market_buy 100 stone |
| 25:28 | Iverson_3 [Pl] · first_building Siege Workshop |
| 25:32 | Kalisteiro · first_building Stable |
| 27:24 | Iverson_3 [Pl] · first_building Monastery |
| 27:30 | SometimesUnlucky · first_market_sell 100 wood |
| 28:05 | Kalisteiro · first_market_buy 100 food |
| 30:52 | Kalisteiro · first_building Archery Range |
| 37:07 | Fox-one-jo · first_building Siege Workshop |
| 38:01 | Kalisteiro · age_up castle |
| 38:16 | SometimesUnlucky · resign |
| 44:03 | Kalisteiro · wall_segment Palisade Wall x11 |
| 45:24 | Iverson_3 [Pl] · age_up imperial |
| 45:33 | Kalisteiro · wall_segment Palisade Wall x7 |
| 45:44 | Kalisteiro · wall_segment Palisade Wall x7 |
| 45:58 | Iverson_3 [Pl] · first_building Castle |
| 46:11 | Kalisteiro · wall_segment Palisade Wall x3 |
| 47:14 | Fox-one-jo · age_up imperial |
[ AI ANALYSIS · 1 CREDIT ]
What really happened in this match?
Wolo.gg analyzes every decision: build order, eco, micro, common mistakes by bracket. Personalized analysis on WhatsApp or Discord in 30 seconds.
Civ guide
Maya
Map guide
Arabia
Perfil
Jugador #4626939